 Dungeon Crawl Stone Soup version 0.31-a0-1370-gf52a5a9ab3 (webtiles) character file.

Game seed: 18200650718792510685

52 Ofeo the Trooper (level 3, -5/37 HPs)
             Began as an Oni Gladiator on Dec 24, 2023.
             Slain by an iguana (13 damage)
             ... on level 3 of the Dungeon.
             The game lasted 00:01:03 (1607 turns).

Ofeo the Trooper (Oni Gladiator)                    Turns: 1607, Time: 00:01:04

Health: -5/37      AC:  3    Str: 18    XL:     3   Next: 85%
Magic:  3/3        EV: 10    Int:  9    God:
Gold:   97         SH:  0    Dex: 12    Spells: 2/2 levels left

rFire   . . .        l - +4 dagger
rCold   . . .        (no shield)
rNeg    . . .        b - +0 robe
rPois   .            c - +0 hat
rElec   .            (no cloak)
rCorr   .            (gloves unavailable)
SInv    .            (boots unavailable)
Will    .....        (no amulet)
Stlth   +            (no ring)
HPRegen 0.26/turn    (no ring)
MPRegen 0.08/turn

%: no passive effects
@: no status effects
A: large, unfitting armour, horns 1, tough skin 1, double potion healing,
drunken brawling
a: no special abilities


You were on level 3 of the Dungeon.
You visited 1 branch of the dungeon, and saw 3 of its levels.

You collected 97 gold pieces.

Inventory:

Hand Weapons
 a - a +0 flail
 l - a +4 dagger (weapon)
Missiles
 d - 3 throwing nets (quivered)
 e - a large rock
Armour
 b - a +0 robe (worn)
 c - a +0 hat (worn)
Jewellery
 n - an amulet of magic regeneration
Scrolls
 f - 3 scrolls of fear {unknown}
 g - a scroll of identify {unknown}
 h - a scroll of silence {unknown}
 i - a scroll of vulnerability {unknown}
 k - a scroll of enchant armour {unknown}
 m - a scroll of noise {unknown}
 o - a scroll of teleportation {unknown}
 q - a scroll of enchant weapon {unknown}
Potions
 j - a potion of curing {unknown}
 p - a potion of enlightenment {unknown}


   Skills:
 + Level 3.6 Fighting
 + Level 3.4 Maces & Flails
 + Level 2.6 Throwing
 + Level 3.1 Dodging


You had 2 spell levels left.
You didn't know any spells.
Your spell library was empty.

Dungeon Overview and Level Annotations

Branches:
Dungeon (3/15)

Altars:


Innate Abilities, Weirdness & Mutations

You are too large for most types of armour.
You have a pair of small horns on your head.
You have tough skin. (AC +1)
You gain doubled healing and magic from potions.
Whenever you drink a healing potion, you attack all around you.


Message History

The iguana is moderately wounded.
The iguana closely misses you.
You hit the iguana but do no damage.
The iguana is moderately wounded.
The iguana bites you.
You take 2 damage, and have 35/37 hp.
You closely miss the iguana.
The iguana is moderately wounded.
The iguana bites you.
You take 4 damage, and have 31/37 hp.
You closely miss the iguana.
The iguana is moderately wounded.
The iguana bites you!
You take 8 damage, and have 23/37 hp.
MASSIVE DAMAGE!!
You barely miss the iguana.
The iguana is moderately wounded.
The iguana bites you.
You take 5 damage, and have 18/37 hp.
You are too injured to fight recklessly!
You are too injured to fight recklessly!
You are too injured to fight recklessly!
You are too injured to fight recklessly!
An iguana is nearby!
An iguana is nearby!
An iguana is nearby!
You are too injured to fight recklessly!
The iguana barely misses you.
You hit the iguana. Your headbutt misses the iguana.
The iguana is moderately wounded.
The iguana bites you.
You take 2 damage, and have 16/37 hp.
You hit the iguana but do no damage.
The iguana is moderately wounded.
The iguana bites you!
* * * LOW HITPOINT WARNING * * *
You take 8 damage, and have 8/37 hp.
MASSIVE DAMAGE!!
You hit the iguana but do no damage.
The iguana is moderately wounded.
The iguana bites you!
You die...

..# #...# #.#.# ..#
#...# #.#.# ..#
##+## #.#.# ### ##
#.#.# .. #.#.#
#.#### #.#.# ...#
#.#.#
#.###.########.#.###
+....@......#......#
#####l#####.####.#.#
#.#....(...#.#.#
#.#.###.#..#.#.# #.#
#.#.##.#.# #.#
#.#....#.# #.#
#.######.# #.#
#.)......#
#..........#


You could see an iguana.

Vanquished Creatures
  An adder (D:2)
  A bombardier beetle (D:2)
  2 dart slugs
  5 ball pythons
  2 giant cockroaches (D:1)
  6 goblins
  4 hobgoblins (D:1)
  2 quokkas
  3 bats
  A frilled lizard (D:1)
  3 rats (D:1)
30 creatures vanquished.

Notes
Turn   | Place    | Note
-------+----------+-------------------------------------------
     0 | D:1      | Ofeo the Oni Gladiator began the quest for the Orb.
     0 | D:1      | Reached XP level 1. HP: 22/22 MP: 1/1
   137 | D:1      | Reached XP level 2. HP: 29/29 MP: 2/2
   463 | D:1      | Reached XP level 3. HP: 37/37 MP: 3/3
  1014 | D:2      | Found a faded altar of an unknown god.
  1607 | D:3      | Slain by an iguana

Illustrated notes

Levels and vault maps discovered:
D:1:      dpeg_arrival_renting, layout_basic
D:2:      layout_loops_ring, chequers_ecumenical_altar_simple,
          serial_bayou_pond_d
D:3:      layout_basic, minmay_starry_boxes

Skill      XL: |  1  2 |
---------------+-------+-----
Fighting       | 3 |  3.6
Dodging        | 3 |  3.1
Maces & Flails | |  3.4
Throwing       | |  2.6

Action                     || total
---------------------------++-------
  Melee: Flail             ||    51
         Headbutt          ||    10
         Punch             ||     1
         Dagger            ||    40
   Stab: Sleeping          ||     3
 Armour: Robe              ||    56
  Dodge: Dodged            ||    50

Table legend: (Time is in decaauts)
 A = Elapsed time spent in this place.
 B = Non-inter-level travel time spent in this place.
 C = Inter-level travel time spent in this place.
 D = Time resting spent in this place.
 E = Time spent auto-exploring this place.
 F = Levels seen in this place.
 G = Mean time per level.
                   A        B        C        D        E       F      G
               +--------+--------+--------+--------+--------+-----+--------+
         Total |   1618 |   1525 |     93 |      0 |   1321 |   3 |  539.3 |
       Dungeon |   1618 |   1525 |     93 |      0 |   1321 |   3 |  539.3 |
               +--------+--------+--------+--------+--------+-----+--------+

Top non-repeatable levels by time:
     D:2: 747 daAuts
     D:1: 603 daAuts
     D:3: 266 daAuts
